 Dungeon Crawl Stone Soup version 0.20.1-1-g8b1a95d (webtiles) character file.

253 Phantomfrettchen the Insei (level 6, 0/38 HPs)
             Began as an Octopode Transmuter on Oct 5, 2017.
             Slain by an orc
             ... wielding a cursed -2 whip
              (6 damage)
             ... on level 3 of the Dungeon.
             The game lasted 00:09:09 (2388 turns).

Phantomfrettchen the Insei (Octopode Transmuter)    Turns: 2388, Time: 00:09:10

Health: 0/38       AC:  3    Str: 10    XL:     6   Next: 14%
Magic:  8/9        EV: 14    Int: 15    God:
Gold:   49         SH:  0    Dex: 16    Spells: 6/9 levels left

rFire    . . .     SeeInvis .     - Unarmed
rCold    . . .     Gourm    .   (no shield)
rNeg     . . .     Faith    .   q - +2 hat
rPois    .         Spirit   .   (no amulet)
rElec    .         Reflect  .   (no ring)
rCorr    .         Harm     .   (no ring)
MR       .....     Clarity  +   (no ring)
Stlth    ++++......             (no ring)
Regen    0.2/turn               (no ring)
MPRegen  0.2/turn               (no ring)
                                (no ring)
                                (no ring)

@: lethally poisoned (0 -> -1), appendage (expiring)
A: almost no armour, stealthy swim, amphibious, 8 rings, constrict 8, tentacle
spike 3, camouflage 1, agile 1, clarity, screaming 1, gelatinous body 1
a: End Transformation


You were on level 3 of the Dungeon.
You were not hungry.
One of your tentacles had a temporary spike.
You visited 1 branch of the dungeon, and saw 3 of its levels.

You collected 49 gold pieces.

Inventory:

Hand Weapons
 o - a +0 hand crossbow
Missiles
 a - 27 arrows
 d - 111 stones (quivered)
 k - 14 poisoned needles
Armour
 q - a +2 hat (worn)
Scrolls
 e - 4 scrolls of remove curse {unknown}
 i - a scroll of teleportation {unknown}
 j - 2 scrolls of enchant armour {unknown}
 s - 3 scrolls of identify {unknown}
 v - a scroll of fog {unknown}
Potions
 h - 2 potions of heal wounds
 l - a potion of might {unknown}
 n - 3 potions of curing {unknown}
 p - 3 potions of mutation
 r - a potion of cancellation {unknown}
 t - a potion of agility {unknown}
 u - a potion of lignification {unknown}
Books
 b - a book of Changes

   Spells                             Type                      Level
   a - Beastly Appendage              Transmutation                1
   b - Sticks to Snakes               Transmutation                2
   c - Spider Form                    Transmutation/Poison         3
   d - Ice Form                       Ice/Transmutation            4
   e - Blade Hands                    Transmutation                5
Comestibles
 c - a bread ration
 f - 9 chunks of flesh
 g - a royal jelly
 m - 3 meat rations


   Skills:
 - Level 1.0 Fighting
 - Level 2.1 Dodging
 + Level 5.1 Stealth
 - Level 5.3 Unarmed Combat
 - Level 2.1 Spellcasting
 - Level 2.0 Transmutations


You had 6 spell levels left.
You knew the following spells:

 Your Spells              Type           Power        Failure   Level  Hunger
a - Beastly Appendage     Tmut           #.....       10%         1    #......
b - Sticks to Snakes      Tmut           #.......     14%         2    ###....


Dungeon Overview and Level Annotations

Branches:
Dungeon (3/15)

Altars:
The Shining One


Innate Abilities, Weirdness & Mutations

You cannot wear most types of armour.
You are very stealthy in the water. (Stealth+)
You are amphibious.
You can wear up to eight rings at the same time.
You can use your tentacles to constrict eight enemies at once.
Your skin changes colour to match your surroundings (Stealth+).
Your rubbery body absorbs attacks. (AC +1, EV +1)
One of your tentacles bears a large vicious spike.
You are agile. (Dex +2)
You possess an exceptional clarity of mind.
You occasionally shout uncontrollably at your foes.


Message History

The orc shouts!
The adder closely misses you.
You miss the adder. Your grab misses the adder.
You feel sick. The adder closely misses you. The adder barely misses you.
You miss the adder. Your grab misses the adder. The adder barely misses you.
You tentacle-slap the adder but do no damage.
Your grab misses the adder.
You pierce the adder.
The adder is moderately wounded.
The adder bites you.
* * * LOW HITPOINT WARNING * * *
You barely miss the adder. You grab the adder.
You pierce the adder.
You squeeze the adder.
You kill the adder!
Your Stealth skill increases to level 5!
Your transformation is almost over.
You barely miss the orc. You grab the orc. You squeeze the orc!
You kill the orc!
You feel sick.
The orc hits you with an enchanted whip.
You die...

#.<. ##..##
###..#....# #
#......####.#
#.....#......#
........#.....#
..######...###.#
. #...)## # .
#...>##o.# .#.
#.### ##@# ...#
##. #.# ....##
#.. #.# .#
...##.# ##.# .#
#..#.######..#
.# #.#......>.##
.# #.....######
.# ##..#..#####
.# #..##.....##


You could see an orc.

Vanquished Creatures
  An ogre (D:3)
  3 gnolls (D:2)
  3 adders
  2 oozes (D:1)
  2 worms
  5 dart slugs
  A leopard gecko (D:2)
  3 orcs (D:3)
  A ball python (D:3)
  8 bats
  5 giant cockroaches
  8 hobgoblins
  10 jackals
  6 kobolds
  A quokka (D:3)
  6 frilled lizards
  10 goblins
  8 rats
83 creatures vanquished.

Notes
Turn   | Place    | Note
-------+----------+-------------------------------------------
     0 | D:1      | Phantomfrettchen the Octopode Transmuter began the quest for the Orb.
     0 | D:1      | Reached XP level 1. HP: 13/13 MP: 3/3
    49 | D:1      | Reached XP level 2. HP: 6/18 MP: 5/5
   454 | D:1      | Reached XP level 3. HP: 23/23 MP: 6/6
   573 | D:1      | Found a glowing golden altar of the Shining One.
  1156 | D:2      | Learned a level 2 spell: Sticks to Snakes
  1164 | D:2      | Reached XP level 4. HP: 23/28 MP: 4/7
  1395 | D:2      | Reached skill level 5 in Unarmed Combat
  1560 | D:2      | Reached XP level 5. HP: 28/33 MP: 8/8
  1873 | D:2      | Reached skill level 1 in Stealth
  2289 | D:3      | Noticed an ogre
  2305 | D:3      | Killed an ogre
  2305 | D:3      | Reached XP level 6. HP: 14/38 MP: 9/9
  2356 | D:3      | HP: 1/38 [orc/tomahawk (3)]
  2374 | D:3      | HP: 1/38 [adder (3)]
  2375 | D:3      | Gained mutation: You possess an exceptional clarity of mind. [potion of mutation]
  2375 | D:3      | Gained mutation: You occasionally shout uncontrollably at your foes. [potion of mutation]
  2375 | D:3      | Gained mutation: You are agile. (Dex +2) [potion of mutation]
  2385 | D:3      | Reached skill level 5 in Stealth
  2388 | D:3      | Slain by an orc

Skill      XL: |  1  2  3  4  5  6 |
---------------+-------------------+-----
Unarmed Combat | 4 5 |  5.3
Stealth        | 4 5 |  5.1
Fighting       | |  1.0
Dodging        | |  2.1
Spellcasting   | |  2.1
Transmutations | |  2.0

Action                   |  1- 3 |  4- 6 || total
-------------------------+-------+-------++-------
Melee: Unarmed           |    74 |   100 ||   174
       Constrict         |    24 |    26 ||    50
       Tentacles         |    17 |    21 ||    38
       Punch             |     1 |     1 ||     2
       Kick              |     4 |     9 ||    13
 Cast: Beastly Appendage |     9 |     9 ||    18
       Sticks to Snakes  |     1 |     3 ||     4
  Use: Potion            |       |     2 ||     2
 Stab: Sleeping          |     8 |     5 ||    13
  Eat: Chunk             |     1 |     4 ||     5
Armor: Skin              |    11 |    23 ||    34
Dodge: Dodged            |    43 |    72 ||   115
